 Dungeon Crawl Stone Soup version 0.17-a0-1954-g0dddeaa (webtiles) character file.

108 TruthSerum the Skirmisher (level 4, -3/41 HPs)
             Began as a Hill Orc Fighter on Oct 3, 2015.
             Was a Follower of Ashenzari.
             Slain by an orc priest
             ... wielding a +0 trident
              (6 damage)
             ... on level 4 of the Dungeon.
             The game lasted 00:17:38 (2566 turns).

TruthSerum the Skirmisher (Hill Orc Fighter)        Turns: 2566, Time: 00:17:38

Health: -3/41      AC: 10    Str: 18    XL:     4   Next: 87%
Magic:  4/4        EV:  6    Int:  8    God:    Ashenzari [*.....]
Gold:   222        SH:  9    Dex: 11    Spells: 0 memorised, 3 levels left

rFire  + + .     SeeInvis .     a - +1 flail (curse)
rCold  x . .     Clarity  .     i - +0 fire dragon armour (curse)
rNeg   . . .     SustAt   .     c - +0 shield (curse)
rPois  .         Gourm    .     (no helmet)
rElec  .         Spirit   .     (no cloak)
rCorr  .         Warding  .     (no gloves)
rMut   .         Stasis   .     j - +0 pair of boots (curse)
MR     .....                    (no amulet)
Stlth  ..........               (no ring)
                                (no ring)

@: not resistant to hostile enchantments, extremely unstealthy
A: no striking features
a: Scrying, Renounce Religion, Convert to Beogh


You were on level 4 of the Dungeon.
You worshipped Ashenzari.
Ashenzari was aware of your devotion.
You were hungry.

You visited 1 branch of the dungeon, and saw 4 of its levels.

You collected 222 gold pieces.

Inventory:

Hand weapons
 a - a cursed +1 flail (weapon)
Armour
 c - a cursed +0 shield (worn)
 f - the +2 cloak of Starlight {rElec rC+ EV+4 Stlth--}
   (You found it on level 4 of the Dungeon)

   It affects your evasion (+4).
   It protects you from cold.
   It insulates you from electricity.
   It makes you much less stealthy.
 i - a cursed +0 fire dragon armour (worn)
 j - a cursed +0 pair of boots (worn)
Jewellery
 n - an uncursed ring of protection from cold
Scrolls
 h - a scroll of curse jewellery
 l - 3 scrolls of curse weapon
 m - a scroll of remove curse
 o - a scroll of curse armour
Potions
 d - 2 potions of might
 k - a potion of brilliance
Comestibles
 b - a slice of pizza
 e - 5 bread rations
 g - 2 beef jerkies
 p - a chunk of flesh


   Skills:
 + Level 4.9 Fighting
 + Level 3.9 Maces & Flails
 + Level 3.8 Armour
 - Level 3.2 Shields


You had 3 spell levels left.
You didn't know any spells.

Dungeon Overview and Level Annotations

Branches:
Dungeon (4/15)
 Temple: D:4-7

Altars:
Ashenzari
Nemelex Xobeh


Message History

* * * LOW HITPOINT WARNING * * *
Things that are here:
a +0 leather armour; an orc corpse You hit the orc priest.
The orc priest is lightly wounded.
The orc hits the plant but does no damage.
You block the orc priest's attack.
Your unstable footing causes you to fumble your attack.
The orc hits the plant.
The orc priest splashes around in the water.
The orc hits the plant but does no damage.
You hit the orc priest.
The orc priest is moderately wounded.
The orc priest hits you with a trident.
* * * LOW HITPOINT WARNING * * *
The orc splashes around in the water.
You sock the orc priest!
The orc priest is severely wounded.
The orc priest hits you with a trident.
You die...

.######.###
..........#
♣##..#.#.#.#
......#.#.###.#
#..#....>....#
#..#...#.#####
#........##
##..(≈♣))≈#
###♣@≈≈P≈♣P♣
♣Po≈≈≈≈≈≈≈≈
♣≈oPP≈≈≈≈P≈≈≈
................
#..PP≈≈≈≈≈≈≈≈P≈≈≈
###≈≈P≈≈≈≈♣♣♣♣≈≈≈
?.≈≈≈≈≈≈≈ ♣♣♣
....≈♣♣♣♣..
#..... ...


You could see an orc priest and an orc.

Vanquished Creatures
  An iguana (D:3)
  An adder (D:2)
  An ooze (D:3)
  A worm (D:2)
  3 giant geckos
  6 orcs
  2 giant cockroaches
  13 goblins
  6 hobgoblins
  4 jackals (D:3)
  2 kobolds (D:2)
  2 quokkas
  A ball python (D:1)
  3 bats (D:3)
  5 giant newts
  7 rats
58 creatures vanquished.

Notes
Turn   | Place    | Note
--------------------------------------------------------------
     0 | D:1      | TruthSerum the Hill Orc Fighter began the quest for the Orb.
     0 | D:1      | Reached XP level 1. HP: 19/19 MP: 1/1
   399 | D:1      | Reached skill level 4 in Fighting
   399 | D:1      | Reached XP level 2. HP: 27/27 MP: 2/2
  1152 | D:2      | Found a shattered altar of Ashenzari.
  1160 | D:2      | Reached XP level 3. HP: 33/33 MP: 3/3
  1169 | D:2      | Became a worshipper of Ashenzari the Shackled
  1751 | D:3      | Reached XP level 4. HP: 41/41 MP: 4/4
  2094 | D:3      | Acquired Ashenzari's first power
  2255 | D:3      | Found a sparkling altar of Nemelex Xobeh.
  2566 | D:4      | Slain by an orc priest

Vault maps used:
D:1:      tarquinn_simple_flora_water_a, minivault_27,
          minmay_misc_feat_more_columns
D:2:      kennysheep_big_flooded_room, evilmike_ruin_ashenzari
D:3:      nemelex_deck, wad_rectangle_vault
D:4:      serial_bayou, serial_bayou_lagoon_b, serial_bayou_ford_a,
          serial_bayou_pond_b, serial_bayou_crossing

Action                   |  1- 3 |  4- 6 || total
-------------------------+-------+-------++-------
Melee: Flail             |   116 |    66 ||   182
  Use: Scroll            |     6 |     3 ||     9
  Eat: Chunk             |     3 |     2 ||     5
